 Dungeon Crawl Stone Soup version 0.28-a0-631-g0446da8ef9 (webtiles) character file.

Game seed: 8075178052247714358

3782 timneilson the Carver (level 9, 0/77 (81) HPs)
             Began as a Deep Dwarf Fighter on Oct 10, 2021.
             Was a Follower of Makhleb.
             Killed from afar by Josephine (17 damage)
             ... with a ghostly fireball
             ... on level 10 of the Dungeon.
             The game lasted 00:18:27 (5974 turns).

timneilson the Carver (Deep Dwarf Fighter)          Turns: 5974, Time: 00:18:28

HP:   0/77 (81)     AC: 14    Str: 30    XL:     9   Next: 95%
MP:   0/0           EV: 12    Int:  8    God:    Makhleb [*.....]
Gold: 501           SH:  7    Dex: 18    Spells: 8/8 levels left

rFire   . . .      SeeInvis .   y - +0 scimitar
rCold   . . .      Faith    .   c - +0 buckler
rNeg    . . .      Spirit   .   l - +0 chain mail
rPois   .          Reflect  .   i - +1 helmet
rElec   .          Harm     .   (no cloak)
rCorr   .          Rampage  .   o - +0 pair of gloves
Will    +....                   (no boots)
Stlth   ..........              g - amulet of the acrobat
HPRegen 0.00/turn               f - +6 ring of dexterity
MPRegen 0.07/turn               u - +6 ring of strength

@: mighty, attractive, studying Long Blades, lightly drained
A: damage resistance, heal wounds, sense surroundings 2, no regeneration
a: Heal Wounds, Renounce Religion


You were on level 10 of the Dungeon.
You worshipped Makhleb.
Makhleb was aware of your devotion.
You visited 1 branch of the dungeon, and saw 9 of its levels.

You collected 501 gold pieces.

Inventory:

Hand Weapons
 a - a +0 long sword
 y - a +0 scimitar (weapon)
Armour
 c - a +0 buckler (worn)
 i - a +1 helmet (worn)
 l - a +0 chain mail (worn)
 o - a +0 pair of gloves (worn)
 x - a +0 plate armour
Jewellery
 f - a +6 ring of dexterity (left hand)
 g - an amulet of the acrobat (around neck)
 n - a ring of positive energy
 u - a +6 ring of strength (right hand)
Wands
 r - a wand of polymorph (3)
 s - a wand of acid (10)
 v - a wand of digging (6)
 z - a wand of flame (3)
 A - a wand of iceblast (9)
Scrolls
 t - a scroll of magic mapping
 w - 4 scrolls of identify
Potions
 b - 3 potions of attraction
 e - a potion of ambrosia
 j - a potion of flight
 k - a potion of brilliance
 q - a potion of resistance


   Skills:
 + Level 5.2 Fighting
 * Level 9.5 Long Blades
 * Level 8.6 Armour
 + Level 5.2 Dodging
 * Level 8.5 Shields


You had 8 spell levels left.
You didn't know any spells.
Your spell library contained the following spells:

 Spells                   Type           Power      Damage    Failure   Level
 Animate Skeleton         Necr           0%         N/A       87%         1
 Foxfire                  Conj/Fire      0%         2x1d4     87%         1
 Pain                     Necr           0%         1d4       87%         1
 Ensorcelled Hibernation  Hex/Ice        0%         N/A       95%         2
 Sublimation of Blood     Necr           0%         N/A       95%         2
 Wereblood                Tmut           0%         N/A       95%         2
 Conjure Flame            Conj/Fire      0%         6-21      99%         3
 Inner Flame              Hex/Fire       0%         N/A       99%         3
 Spider Form              Tmut/Pois      0%         N/A       99%         3
 Tukima's Dance           Hex            0%         N/A       99%         3
 Vampiric Draining        Necr           0%         2d6       99%         3
 Flame Wave               Conj/Fire      0%         3d3       100%        4
 Hailstorm                Conj/Ice       0%         3d3       100%        4
 Ice Form                 Ice/Tmut       0%         N/A       100%        4
 Alistair's Intoxication  Tmut/Pois      0%         N/A       100%        5
 Borgnjor's Vile Clutch   Necr/Erth      0%         N/A       100%        5
 Eringya's Noxious Bog    Tmut/Pois      0%         N/A       100%        6
 Simulacrum               Ice/Necr       0%         N/A       100%        6
 Summon Hydra             Summ           0%         N/A       100%        7


Dungeon Overview and Level Annotations

Branches:
Dungeon (8/15)             Temple (0/1) D:7
   Lair: D:8-11

Altars:
Dithmenos
Elyvilon
Kikubaaqudgha
Makhleb
Sif Muna
Xom

Annotations:
D:6 3 runed translucent doors, Prince Ribbit; qdestroyer's ghost, novice GrBe
D:7 2 runed translucent doors
D:10 Josephine


Innate Abilities, Weirdness & Mutations

You are resistant to damage.
You can heal yourself by infusing magical energy.
You passively map the area around you.
You do not regenerate.


Message History

You hit the wraith.
The wraith is severely damaged.
The wraith hits you.
* * * LOW HITPOINT WARNING * * *
The wraith drains your vigour!
You feel yourself slow down.
You hit the wraith but do no damage.
The wraith is severely damaged.
The wraith closely misses you. You block the wraith's attack.
You hit the wraith but do no damage.
The wraith is severely damaged.
You block the wraith's attack.
You hit the wraith but do no damage.
The wraith is severely damaged.
You block the wraith's attack.
You closely miss the wraith.
The wraith is severely damaged.
You block the wraith's attack. The wraith hits you but does no damage.
You slash the wraith!
You destroy the wraith!
Makhleb accepts your kill.
You feel yourself speed up.
Things that are here:
a +0 shortbow; 15 arrows; a centaur corpse
Found a stone staircase leading down.
There is a stone staircase leading down here.
Josephine the Decaying Necromancer comes into view.
She is wielding a +0 dagger.
You feel very mighty all of a sudden.
Josephine shouts!
Really quaff the potion of attraction?
You feel attractive to monsters. Josephine is attracted toward you.
You hit Josephine.
Josephine is lightly wounded.
Josephine barely misses you.
You slash Josephine!
Josephine is moderately wounded.
Josephine gestures at you while chanting.
The ghostly flame explodes!
The ghostly fireball engulfs you!!
You feel drained.
You die...

* #####.#.... , , , ,
##.#.#....# * , ,
#..#..#...#### ,,
#.######.............
, , ,
#........####.#.#.##
* ** , ,#.....#)##
#.#.# ,#...#.#.#
#.>.# * ** ,
#..##.#.# ##..#* * ,
, ,,, . ..#.#.# *#.@#
* * * * #.#.#.#
#...@......< #.#.#.#
#.......... #.#.#.#
#......#+#. ,,,,
#...#.# #......# * *
###.#.# #......#+
#...# #####..., , **
* * ##### .... * * *


You could see Josephine.

Vanquished Creatures
  2 wraiths (D:10)
  A steam dragon (D:8)
  Edmund (D:6)
  5 water moccasins
  A hornet zombie (D:8)
  2 orc warriors
  5 sky beasts
  An ice beast (D:7)
  A centaur (D:10)
  2 ogres
  Blork the orc (D:6)
  A kobold brigand (D:8)
  A bullfrog (D:7)
  A water moccasin zombie (D:5)
  A scorpion (D:4)
  A wyvern zombie (D:8)
  5 wights (D:7)
  2 howler monkeys
  A centaur zombie (D:7)
  2 bullfrog skeletons (D:5)
  A jelly (D:7)
  3 hounds
  4 orc priests
  3 gnoll shamans
  3 iguanas
  6 orc wizards
  A killer bee zombie (D:8)
  15 gnolls
  6 adders
  2 howler monkey skeletons (D:7)
  A shadow imp (D:6)
  2 white imps
  An ufetubus (D:4)
  A dart slug (D:3)
  A worm (D:3)
  22 orcs
  5 ball pythons
  4 bats
  5 endoplasms
  4 giant cockroaches
  3 hobgoblins
  4 jackals (D:3)
  3 quokkas
  7 frilled lizards
  5 goblins
  14 kobolds
  5 rats
168 creatures vanquished.

Notes
Turn   | Place    | Note
-------+----------+-------------------------------------------
     0 | D:1      | timneilson the Deep Dwarf Fighter began the quest for the
                  | Orb.
     0 | D:1      | Reached XP level 1. HP: 20/20 MP: 1/1
    37 | D:1      | Found a faded altar of an unknown god.
   256 | D:1      | Reached XP level 2. HP: 13/27 MP: 2/2
   916 | D:2      | Reached skill level 1 in Dodging
   916 | D:2      | Reached XP level 3. HP: 21/33 MP: 3/3
  1283 | D:3      | Reached XP level 4. HP: 18/40 MP: 4/4
  1891 | D:4      | Reached skill level 3 in Long Blades
  1964 | D:4      | Reached XP level 5. HP: 25/49 MP: 4/4
  2412 | D:4      | Reached XP level 6. HP: 36/56 MP: 3/3
  2556 | D:4      | Reached skill level 4 in Long Blades
  2556 | D:4      | Reached skill level 5 in Armour
  2904 | D:5      | Entered Level 5 of the Dungeon
  2912 | D:5      | Reached skill level 5 in Shields
  3075 | D:5      | Reached XP level 7. HP: 42/62 MP: 3/3
  3750 | D:5      | Identified a scroll of acquirement
  3750 | D:5      | Acquired a manual of Long Blades
  3777 | D:6      | Reached skill level 5 in Long Blades
  3912 | D:6      | Reached XP level 8. HP: 33/72 MP: 4/4
  4022 | D:6      | Found a shimmering blue altar of Sif Muna.
  4025 | D:6      | Found a burning altar of Makhleb.
  4025 | D:6      | Found a white marble altar of Elyvilon.
  4233 | D:6      | Reached skill level 6 in Long Blades
  4486 | D:6      | Found a runed translucent gate.
  4488 | D:6      | Found a runed translucent gate.
  4489 | D:6      | Found a runed translucent gate.
  4491 | D:6      | Noticed qdestroyer's ghost (novice GrBe)
  4493 | D:6      | Noticed Blork the orc
  4495 | D:6      | Noticed Edmund
  4505 | D:6      | Killed Blork the orc
  4525 | D:6      | Killed Edmund
  4783 | D:7      | Reached skill level 7 in Long Blades
  4797 | D:7      | Found a shadowy altar of Dithmenos.
  4837 | D:7      | Gained mutation: You passively map the area around you.
                  | [Deep Dwarf growth]
  4837 | D:7      | Reached XP level 9. HP: 47/79 MP: 2/2
  4948 | D:7      | Reached skill level 8 in Long Blades
  5089 | D:7      | Found a runed translucent door.
  5091 | D:7      | Found a runed translucent door.
  5115 | D:7      | Found a staircase to the Ecumenical Temple.
  5124 | D:6      | Noticed Prince Ribbit
  5124 | D:6      | Found a shimmering altar of Xom.
  5124 | D:6      | Found an ancient bone altar of Kikubaaqudgha.
  5147 | D:6      | Became a worshipper of Makhleb the Destroyer
  5718 | D:8      | Reached skill level 5 in Fighting
  5809 | D:8      | Reached skill level 9 in Long Blades
  5837 | D:8      | Reached skill level 5 in Dodging
  5900 | D:8      | You fall into a shaft and drop 2 floors!
  5900 | D:10     | Entered Level 10 of the Dungeon
  5934 | D:10     | Reached * piety under Makhleb
  5968 | D:10     | Noticed Josephine
  5974 | D:10     | Killed from afar by Josephine

Illustrated notes

Levels and vault maps discovered:
D:1:      tarquinn_simple_flora_water_f, layout_basic,
          shapermc_ecumenical_altar_starsandcircs, minmay_parallelograms,
          st_stairs_2
D:2:      layout_rooms
D:3:      layout_loops_ring
D:4:      layout_loops_corners, serial_rivers, chequers_serial_rivers_micro_d,
          chequers_serial_rivers_micro_c, chequers_serial_rivers_marsh,
          chequers_serial_rivers_large_b
D:5:      layout_layer_cave
D:6:      layout_cave_pods, nicolae_overflow_hidden_temple,
          gammafunk_ghost_necromancy, uniq_edmund, uniq_blork_the_orc,
          uniq_prince_ribbit1
D:7:      minmay_the_grid_triangle_9x9_rhombus_full
          [minmay_the_grid_triangle_9x9_alien,
          minmay_the_grid_triangle_9x9_checkered,
          minmay_the_grid_triangle_9x9_tough_junction,
          minmay_the_grid_triangle_9x9_steps,
          minmay_the_grid_triangle_9x9_stretched_checkered,
          minmay_the_grid_triangle_9x9_dagger,
          minmay_the_grid_triangle_9x9_thin_v,
          minmay_the_grid_triangle_9x9_prize_top_heavy], layout_basic,
          minmay_ruined_shrine
D:8:      layout_basic, minmay_misc_feat_hallway, hangedman_minor_gate_pass
D:10:     layout_rooms, mainiacjoe_overflow_swirl, serial_shops,
          kennysheep_mini_moat, shop, shop, serial_co_window_serial,
          co_window_paths_a, co_window_corner_a, co_window_cross_1,
          co_window_of_opportunity_a, co_window_of_opportunity_a,
          co_window_paths_b, co_window_corner_a, co_window_paths_a,
          co_window_paths_a, co_window_of_opportunity_b, co_window_broadway_b,
          co_window_corner_b, co_window_corner_ca, co_window_4corner_b,
          glass_columns_b, glass_columns_c, glass_columns_b, glass_columns_a,
          glass_columns_c, grunt_livestock, uniq_josephine

Skill      XL: |  1  2  3  4  5  6  7  8  9 |
---------------+----------------------------+-----
Dodging        | 1 2 3 4 5 |  5.2
Armour         | 4 5 6 7 8 |  8.6
Fighting       | 3 4 5 |  5.2
Long Blades    | 3 4 5 7 9 |  9.5
Shields        | 4 5 6 7 8 |  8.5

Action                   |  1- 3 |  4- 6 |  7- 9 || total
-------------------------+-------+-------+-------++-------
Melee: Long sword        |   133 |   217 |   335 ||   685
       Scimitar          |       |       |   192 ||   192
 Abil: Heal Wounds       |     1 |     7 |    13 ||    21
  Use: Scroll            |     5 |     5 |     9 ||    19
       Potion            |       |       |     8 ||     8
Armor: Scale mail        |    64 |    14 |       ||    78
       Chain mail        |       |   102 |   217 ||   319
Dodge: Dodged            |    63 |    84 |   189 ||   336
Block: Buckler           |    43 |    89 |   160 ||   292

Table legend: (Time is in decaauts)
 A = Elapsed time spent in this place.
 B = Non-inter-level travel time spent in this place.
 C = Inter-level travel time spent in this place.
 D = Time resting spent in this place.
 E = Time spent auto-exploring this place.
 F = Levels seen in this place.
 G = Mean time per level.
                   A        B        C        D        E       F      G
               +--------+--------+--------+--------+--------+-----+--------+
         Total |   6123 |   5928 |    195 |     27 |   3835 |   9 |  680.3 |
       Dungeon |   6123 |   5928 |    195 |     27 |   3835 |   9 |  680.3 |
               +--------+--------+--------+--------+--------+-----+--------+

Top non-repeatable levels by time:
     D:4: 1104 daAuts
     D:6: 1015 daAuts
     D:5: 878 daAuts
     D:7: 740 daAuts
     D:1: 737 daAuts
     D:3: 630 daAuts
     D:2: 538 daAuts
     D:8: 399 daAuts
    D:10: 79 daAuts
